 Dungeon Crawl Stone Soup version 0.26.1-11-gd32895ea62 (webtiles) character file.

Game seed: 3078399435742136

1421 Zeld the Chucker (level 8, -13/54 HPs)
             Began as an Octopode Fighter on May 17, 2021.
             Mangled by a wyvern (19 damage)
             ... on level 6 of the Dungeon.
             The game lasted 00:06:11 (6622 turns).

Zeld the Chucker (Octopode Fighter)                 Turns: 6622, Time: 00:06:13

Health: -13/54     AC:  1    Str: 18    XL:     8   Next: 72%
Magic:  8/8        EV: 12    Int: 10    God:
Gold:   275        SH:  9    Dex: 11    Spells: 7/7 levels left

rFire    . . .     SeeInvis .   a - +0 war axe
rCold    . . .     Faith    .   b - +0 kite shield
rNeg     . . .     Spirit   .   (helmet restricted)
rPois    .         Reflect  .   (no amulet)
rElec    .         Harm     .   (no ring)
rCorr    .         Rampage  .   (no ring)
Will     .....                  (no ring)
Stlth    ++........             (no ring)
HPRegen  0.18/turn              (no ring)
MPRegen  0.11/turn              (no ring)
                                (no ring)
                                (no ring)

@: no status effects
A: almost no armour, stealthy swim, amphibious, 8 rings, constrict 8, camouflage
1, gelatinous body 1
a: no special abilities


You were on level 6 of the Dungeon.
You visited 1 branch of the dungeon, and saw 6 of its levels.

You collected 275 gold pieces.

Inventory:

Hand Weapons
 a - a +0 war axe (weapon)
 v - a +0 war axe
Missiles
 p - 8 boomerangs
 u - 25 poisoned darts (quivered)
Armour
 b - a +0 kite shield (worn)
Jewellery
 x - an uncursed ring of willpower {unknown}
Wands
 g - a wand of disintegration (14)
 t - a wand of polymorph (9)
 w - a wand of iceblast (6)
Scrolls
 d - 4 scrolls of blinking {unknown}
 e - 2 scrolls of remove curse {unknown}
 f - 10 scrolls of identify {unknown}
 h - 2 scrolls of random uselessness {unknown}
 j - 2 scrolls of teleportation {unknown}
 m - a scroll of immolation {unknown}
 o - 2 scrolls of magic mapping {unknown}
 q - 3 scrolls of fog {unknown}
 r - a scroll of amnesia {unknown}
Potions
 c - a potion of might
 i - a potion of attraction {unknown}
 k - a potion of flight {unknown}
 l - a potion of brilliance {unknown}
 n - a potion of berserk rage {unknown}
 s - a potion of mutation {unknown}


   Skills:
 - Level 4.9 Fighting
 - Level 4.3 Axes
 * Level 7.8 Throwing
 - Level 3.0 Dodging
 - Level 4.9 Shields


You had 7 spell levels left.
You didn't know any spells.
Your spell library was empty.

Dungeon Overview and Level Annotations

Branches:
Dungeon (6/15)
 Temple: D:4-7

Altars:
Dithmenos
Trog
Yredelemnul
Zin
The Shining One


Innate Abilities, Weirdness & Mutations

You cannot wear most types of armour.
You are very stealthy in the water. (Stealth+)
You are amphibious.
You can wear up to eight rings at the same time.
You can use your tentacles to constrict eight enemies at once.
Your skin changes colour to match your surroundings (Stealth+).
Your rubbery body absorbs attacks. (AC +1, EV +1)


Message History

The wyvern is moderately wounded.
The iguana hisses angrily.
The wyvern bites you. You block the wyvern's attack. The wyvern bites you!
You slash the wyvern!
The wyvern is heavily wounded.
You block the wyvern's attack. The wyvern bites you!
* * * LOW HITPOINT WARNING * * *
You are too injured to fight recklessly!
You are too injured to fight recklessly!
Aiming: Iceblast
Press: ? - help, Shift-Dir - straight line, f - iguana
Aim: an iguana
Okay, then.
Aiming: Polymorph
Press: ? - help, Shift-Dir - straight line, f - wyvern
Aim: a wyvern (heavily wounded, will become a sky beast, a golden eye, or a fire bat, chance to affect: 46%)
The wyvern resists with some effort.
The wyvern bites you!
* * * LOW HITPOINT WARNING * * *
The wyvern bites you!!
You die...

#### #... ####...
.......
.......##############
......ll@...........#
.......############.#
....... #.# #####..
#.# ..###########....
#.# .................
#.# ................
#.# #####.######.#
#+# #.#
#............# #.#
#.#


You could see a wyvern and an iguana.

Vanquished Creatures
  A human (D:2)
  3 sky beasts (D:5)
  An ogre (D:4)
  A centaur (D:5)
  Blork the orc (D:6)
  A bullfrog (D:5)
  2 scorpions
  A centaur skeleton (D:4)
  2 hounds
  2 jellies
  An orc priest (D:5)
  Crazy Yiuf (D:2)
  2 iguanas
  Natasha (thrice) (D:3 D:2)
  2 orc wizards
  2 worker ants (D:5)
  A hound skeleton (D:4)
  6 adders
  2 ufetubi (D:5)
  2 oozes
  An adder skeleton (D:4)
  4 worms
  7 leopard geckos
  9 orcs
  8 giant cockroaches
  3 hobgoblins
  5 jackals
  2 quokkas
  A ball python skeleton (D:5)
  5 bats
  3 frilled lizards
  5 goblins
  A goblin skeleton (D:2)
  A goblin zombie (D:2)
  A jackal skeleton (D:2)
  6 kobolds
  A leopard gecko skeleton (D:5)
  A quokka skeleton (D:4)
  5 rats
106 creatures vanquished.

Notes
Turn   | Place    | Note
-------+----------+-------------------------------------------
     0 | D:1      | Zeld the Octopode Fighter began the quest for the Orb.
     0 | D:1      | Reached XP level 1. HP: 16/16 MP: 1/1
    56 | D:1      | Reached XP level 2. HP: 19/21 MP: 2/2
    78 | D:2      | Found a runed translucent door.
    78 | D:2      | Noticed a human
   317 | D:3      | Reached XP level 3. HP: 26/26 MP: 3/3
   435 | D:3      | Noticed Natasha
   450 | D:3      | Killed Natasha
   451 | D:3      | Reached XP level 4. HP: 32/32 MP: 4/4
  1040 | D:4      | Reached XP level 5. HP: 37/37 MP: 5/5
  1054 | D:4      | Noticed an ogre
  1058 | D:4      | Killed an ogre
  1236 | D:4      | Reached XP level 6. HP: 44/44 MP: 6/6
  1712 | D:5      | Entered Level 5 of the Dungeon
  1722 | D:5      | Noticed a sky beast
  2120 | D:3      | Noticed Natasha
  2125 | D:2      | Killed Natasha
  2226 | D:2      | Found a runed translucent door.
  2227 | D:2      | Noticed Crazy Yiuf
  2250 | D:2      | Noticed Natasha
  2256 | D:2      | Killed Natasha
  3036 | D:2      | Found a glowing golden altar of the Shining One.
  3114 | D:2      | Found a shadowy altar of Dithmenos.
  3116 | D:2      | Reached skill level 1 in Throwing
  3197 | D:2      | Reached XP level 7. HP: 42/49 MP: 7/7
  3203 | D:2      | Found a glowing silver altar of Zin.
  3203 | D:2      | Noticed an angel
  3400 | D:2      | Found a basalt altar of Yredelemnul.
  3592 | D:2      | Killed Crazy Yiuf
  3629 | D:2      | Killed a human
  3630 | D:2      | Reached skill level 3 in Throwing
  3963 | D:3      | Reached skill level 4 in Throwing
  4583 | D:5      | Found a bloodstained altar of Trog.
  4606 | D:5      | Reached skill level 5 in Throwing
  4606 | D:5      | Reached XP level 8. HP: 31/54 MP: 8/8
  5333 | D:5      | Reached skill level 6 in Throwing
  5813 | D:5      | Reached skill level 7 in Throwing
  6282 | D:6      | Noticed Blork the orc
  6287 | D:6      | Killed Blork the orc
  6613 | D:6      | Noticed a wyvern
  6622 | D:6      | Mangled by a wyvern

Illustrated notes

Levels and vault maps discovered:
D:1:      dpeg_arrival_erosion, layout_basic
D:2:      layout_rooms, grunt_dithmenos_smoke, tso_metal_star, zin_angel,
          dk_yredelemnul_ordeal, uniq_crazy_yiuf_cottage
D:3:      layout_basic, uniq_natasha
D:4:      layout_basic
D:5:      layout_loops_ring, minmay_stone_trees_medium, bloody_trog
D:6:      layout_basic, lemuel_doored_altar, led_sif_book, uniq_sigmund,
          uniq_blork_the_orc

Skill      XL: |  1  2  3  4  5  6  7  8 |
---------------+-------------------------+-----
Axes           | 3 4 |  4.3
Fighting       | 4 |  4.9
Shields        | 4 |  4.9
Throwing       | 1 5 7 |  7.8
Dodging        | |  3.0

Action                   |  1- 3 |  4- 6 |  7- 9 || total
-------------------------+-------+-------+-------++-------
Melee: War axe           |    33 |    77 |   134 ||   244
       Constrict         |     9 |    23 |    24 ||    56
       Tentacles         |     6 |    24 |    25 ||    55
Throw: Dart              |       |       |     7 ||     7
Evoke: Wand              |       |     1 |     1 ||     2
 Stab: Sleeping          |     3 |     8 |     4 ||    15
       Distracted        |       |       |     1 ||     1
Armor: Skin              |     2 |     4 |     5 ||    11
Dodge: Dodged            |     9 |    25 |    74 ||   108
Block: Kite shield       |    14 |    36 |    71 ||   121
